Wolves vs Little Stars
(R1)
Created - 20 avril 2015 at 19:01
Goals
|
| Wolves |
1 |
0 |
2 |
3 |
| Little Stars |
1 |
1 |
4 |
6 |
|
Shots
|
| Wolves |
22 |
6 |
9 |
37 |
| Little Stars |
7 |
19 |
16 |
42 |
|
1st period
1. Little Stars , Kyle Okposo 4 (Chris Dingman, Alexander Vasyunov) at 4:46
2. Wolves , Cody McLeod 2 (Jarret Stoll, Chris Neil) at 7:46 (PP)
Penalties :
Cody Bass (Tex) for Roughing (Minor) at 7:11, Cody Bass (Tex) for Hooking (Minor) at 9:53, Mike Sislo (Min) for Hooking (Minor) at 13:52, Landon Ferraro (Tex) for Roughing (Minor) at 16:18, Cody Bass (Tex) for High sticking (Minor) at 19:54
2nd period
3. Little Stars , Chris Dingman 3 (Kyle Okposo, Marcus Kruger) at 14:32 (PP)
Penalties :
Nathan Davis (Min) for High sticking (Minor) at 2:41, Kevin Veilleux (Min) for Roughing (Minor) at 10:44, Geoff Paukovich (Min) for Slashing (Minor) at 14:22, Mike Sislo (Min) for Hooking (Minor) at 16:41
3rd period
4. Little Stars , Matt Halischuk 3 (Clay Wilson, Hugh Jessiman) at 0:35
5. Wolves , Milan Bartovic 4 (Dan Fritsche, Mike Sislo) at 2:16
6. Little Stars , Kyle Okposo 5 (Chris Dingman, Marcus Kruger) at 3:09
7. Wolves , Tim Crowder 2 (Nathan Davis, Matt Gilroy) at 6:10
8. Little Stars , Matt Halischuk 4 (Kyle Okposo, Clay Wilson) at 11:04 (PP)
9. Little Stars , Cody Bass 3 (Hugh Jessiman) at 12:40
Penalties :
Cory Murphy (Tex) for High sticking (Minor) at 8:37, Mike Sislo (Min) for Holding (Minor) at 9:11, Mike Sislo (Min) for Holding (Minor) at 14:43, Mark Fayne (Min) for Tripping (Minor) at 17:48
Goalie Stats
Jamie Storr (Min), 36 saves from 42 shots - (0,857), L, 2-3-0, 60:00 minutes
Ben Scrivens (Tex), 34 saves from 37 shots - (0,919), W, 1-0-0, 60:00 minutes
Players Stats for Wolves
Player Name G A P +/- PIM S H SB GA TA FO MP PP MP PK MP
------------------------------------------------------------------------------------
Carl Klingberg 0 0 0 -1 0 0 2 0 0 0 0/0 6:39 0:02 0:23
Chris Neil 0 1 1 -2 0 3 1 2 2 1 1/2 24:29 4:22 6:59
Cody McLeod 1 0 1 -2 0 6 1 1 2 1 0/0 21:06 4:22 5:01
Dan Fritsche 0 1 1 0 0 4 1 0 1 0 8/13 14:51 2:44 0:06
Geoff Paukovich 0 0 0 1 2 2 2 0 0 0 0/0 8:56 0:00 0:00
Jarret Stoll 0 1 1 -2 0 4 3 0 1 1 23/43 24:33 4:22 6:59
Johan Ryno 0 0 0 -1 0 2 0 0 1 0 0/0 5:47 0:00 0:00
Jonas Junland 0 0 0 1 0 0 1 2 1 0 0/0 20:06 1:58 4:54
Kevin Veilleux 0 0 0 -1 2 0 0 0 0 0 1/3 5:46 0:00 0:00
Marc-André Gragnani 0 0 0 1 0 0 0 0 0 1 0/0 13:22 2:06 1:27
Mark Fayne 0 0 0 1 2 1 0 1 0 1 0/0 17:00 0:00 5:37
Matt Gilroy 0 1 1 1 0 0 0 0 1 0 0/0 13:30 0:00 0:00
Mike Sislo 0 1 1 0 8 2 1 0 0 0 0/0 14:28 2:41 0:00
Milan Bartovic 1 0 1 0 0 5 2 1 1 0 0/2 18:37 2:44 3:27
Nathan Davis 0 1 1 1 2 3 1 0 0 0 3/5 9:26 0:00 0:00
Ryan Ellis 0 0 0 -4 0 3 3 3 2 0 0/0 26:54 5:00 5:45
Tim Crowder 1 0 1 1 0 2 1 0 0 0 2/2 11:06 0:00 2:09
Willie Mitchell 0 0 0 -4 0 0 2 2 1 3 0/0 29:19 5:08 7:21
Players Stats for Little Stars
Player Name G A P +/- PIM S H SB GA TA FO MP PP MP PK MP
------------------------------------------------------------------------------------
Alexander Vasyunov 0 1 1 0 0 1 0 1 0 0 2/5 9:03 0:00 2:06
Cameron Schilling 0 0 0 1 0 1 0 2 0 0 0/0 11:42 1:26 0:00
Carl Hagelin 0 0 0 0 0 3 1 0 0 0 0/0 9:49 0:15 0:00
Chris Dingman 1 2 3 0 0 4 2 0 1 0 1/3 20:40 6:47 0:53
Clay Wilson 0 2 2 -1 0 6 3 3 1 0 0/0 25:54 4:55 2:26
Cody Bass 1 0 1 2 6 7 2 1 0 0 7/16 17:55 4:59 1:52
Corey Trivino 0 0 0 0 0 0 0 0 0 0 2/3 9:21 0:00 0:00
Cory Murphy 0 0 0 2 2 3 2 1 1 4 0/0 22:39 7:31 3:38
Hugh Jessiman 0 2 2 2 0 2 0 0 0 1 0/0 16:05 5:05 0:00
Jared Spurgeon 0 0 0 1 0 0 0 1 0 0 0/0 11:05 0:00 1:24
Jesse Joensuu 0 0 0 0 0 0 0 0 0 0 0/0 10:40 4:59 0:00
Kyle Okposo 2 2 4 0 0 4 1 0 1 2 4/7 20:10 7:18 0:00
Landon Ferraro 0 0 0 0 2 1 1 0 0 0 1/4 7:49 0:00 1:17
Marcus Kruger 0 2 2 0 0 2 0 0 1 0 14/31 20:35 6:50 1:51
Mathieu Roy 0 0 0 -1 0 3 4 2 0 0 0/0 29:51 6:54 4:39
Matt Halischuk 2 0 2 2 0 3 0 0 0 3 1/1 16:50 0:51 4:27
Raphael Diaz 0 0 0 2 0 1 0 2 1 2 0/0 19:16 4:46 2:05
Ryan Vesce 0 0 0 0 0 1 1 1 2 1 0/0 12:00 0:04 1:46
3 Stars
1 - Kyle Okposo (Tex)
2 - Matt Halischuk (Tex)
3 - Chris Dingman (Tex)
Power Play
Wolves - 1 on 5 Attempt(s) - 20,00%
Little Stars - 2 on 8 Attempt(s) - 25,00%
Penalty Kill
Wolves - 6 on 8 Attempt(s) - 75,00%
- Score 0 goal in Penalty Kill
Little Stars - 4 on 5 Attempt(s) - 80,00%
- Score 0 goal in Penalty Kill
Team Stat
Wolves - Hits : 21 - Faceoff Wins : 38 - Blocked Shots : 12 - Penalty Minutes : 16
Little Stars - Hits : 17 - Faceoff Wins : 32 - Blocked Shots : 14 - Penalty Minutes : 10
Official
Referees : Rehman Kyle and Pollock Kevin
Linesman : Brad Lazarowich and Pierre Champoux
Game Notes
2:16 of 3rd period - Wolves goal is going for a video replay. After video review, Goal.
Finance
Level 1 -- Attendance: 1773 (88,65%) -- Ticket Income 62 055 $
Level 2 -- Attendance: 914 (91,40%) -- Ticket Income 13 710 $
Total Attendance: 2687 (89,57%)
Total Ticket Income: 75 765 $
Other Income: 3 788 $
Total Income: 79 553 $
Wolves
5 vs 5 Forward
Center Left Wing Right Wing Time % Phy DF OF
1 Jarret Stoll Cody McLeod Chris Neil 40 0 1 4
2 Dan Fritsche Mike Sislo Milan Bartovic 30 1 0 4
3 Nathan Davis Geoff Paukovich Tim Crowder 20 1 1 3
4 Kevin Veilleux Carl Klingberg Johan Ryno 10 2 1 2
5 vs 5 Defense
Defense Defense Time % Phy DF OF
1 Willie Mitchell Ryan Ellis 40 0 3 2
2 Matt Gilroy Jonas Junland 30 0 3 2
3 Marc-André Gragnani Mark Fayne 20 0 3 2
4 Willie Mitchell Ryan Ellis 10 0 3 2
PowerPlay Forward
Center Left Wing Right Wing Time % Phy DF OF
1 Jarret Stoll Cody McLeod Chris Neil 60 1 2 2
2 Dan Fritsche Mike Sislo Milan Bartovic 40 1 2 2
PowerPlay Defense
Defense Defense Time % Phy DF OF
1 Willie Mitchell Ryan Ellis 60 1 2 2
2 Ryan Ellis Jonas Junland 40 1 2 2
Penalty Kill 4 Players Forward
Center Wing Time % Phy DF OF
1 Jarret Stoll Chris Neil 60 1 3 1
2 Milan Bartovic Cody McLeod 40 1 3 1
Penalty Kill 4 Players Defense
Defense Defense Time % Phy DF OF
1 Willie Mitchell Mark Fayne 60 2 3 0
2 Ryan Ellis Jonas Junland 40 2 3 0
Penalty Kill - 3 Players Forward
Forward Time % Phy DF OF
1 Jarret Stoll 60 1 3 1
2 Chris Neil 40 1 3 1
Penalty Kill - 3 Players Defense
Defense Defense Time % Phy DF OF
1 Willie Mitchell Mark Fayne 60 2 3 0
2 Ryan Ellis Jonas Junland 40 2 3 0
4 vs 4 Forward
Center Wing Time % Phy DF OF
1 Jarret Stoll Chris Neil 60 1 1 3
2 Milan Bartovic Cody McLeod 40 1 1 3
4 vs 4 Defense
Defense Defense Time % Phy DF OF
1 Willie Mitchell Ryan Ellis 60 1 3 1
2 Ryan Ellis Jonas Junland 40 1 3 1
Last Minutes Offensive
Center Left Wing Right Wing Defense Defense
Jarret Stoll Cody McLeod Chris Neil Willie Mitchell Ryan Ellis
Last Minutes Defensive
Center Left Wing Right Wing Defense Defense
Jarret Stoll Cody McLeod Chris Neil Willie Mitchell Marc-André Gragnani
Goaltenders
Starting : Jamie Storr
Backup : Loïc Lacasse
Extra Forwards
Normal : Chris Neil, Milan Bartovic, Nathan Davis - PP : Chris Neil, Milan Bartovic - PK : Tim Crowder
Extra Defensemen
Normal : Marc-André Gragnani, Mark Fayne, Ryan Ellis - PP : Marc-André Gragnani - PK : Mark Fayne, Ryan Ellis
Penalty Shots
Jarret Stoll, Chris Neil, Milan Bartovic, Cody McLeod, Dan Fritsche
Little Stars
5 vs 5 Forward
Center Left Wing Right Wing Time % Phy DF OF
1 Marcus Kruger Chris Dingman Kyle Okposo 40 1 2 2
2 Cody Bass Matt Halischuk Hugh Jessiman 30 1 2 2
3 Corey Trivino Carl Hagelin Ryan Vesce 20 1 2 2
4 Landon Ferraro Alexander Vasyunov Jesse Joensuu 10 1 2 2
5 vs 5 Defense
Defense Defense Time % Phy DF OF
1 Clay Wilson Mathieu Roy 40 1 2 2
2 Cory Murphy Raphael Diaz 30 1 2 2
3 Cameron Schilling Jared Spurgeon 20 1 2 2
4 Clay Wilson Mathieu Roy 10 1 2 2
PowerPlay Forward
Center Left Wing Right Wing Time % Phy DF OF
1 Marcus Kruger Chris Dingman Kyle Okposo 60 1 2 2
2 Cody Bass Jesse Joensuu Hugh Jessiman 40 1 2 2
PowerPlay Defense
Defense Defense Time % Phy DF OF
1 Cory Murphy Mathieu Roy 60 1 2 2
2 Clay Wilson Raphael Diaz 40 1 2 2
Penalty Kill 4 Players Forward
Center Wing Time % Phy DF OF
1 Cody Bass Matt Halischuk 60 1 2 2
2 Marcus Kruger Ryan Vesce 40 1 2 2
Penalty Kill 4 Players Defense
Defense Defense Time % Phy DF OF
1 Cory Murphy Mathieu Roy 60 1 2 2
2 Clay Wilson Raphael Diaz 40 1 2 2
Penalty Kill - 3 Players Forward
Forward Time % Phy DF OF
1 Cody Bass 60 1 2 2
2 Marcus Kruger 40 1 2 2
Penalty Kill - 3 Players Defense
Defense Defense Time % Phy DF OF
1 Cory Murphy Mathieu Roy 60 1 2 2
2 Clay Wilson Raphael Diaz 40 1 2 2
4 vs 4 Forward
Center Wing Time % Phy DF OF
1 Chris Dingman Kyle Okposo 60 1 2 2
2 Hugh Jessiman Ryan Vesce 40 1 2 2
4 vs 4 Defense
Defense Defense Time % Phy DF OF
1 Cory Murphy Mathieu Roy 60 1 2 2
2 Clay Wilson Raphael Diaz 40 1 2 2
Last Minutes Offensive
Center Left Wing Right Wing Defense Defense
Marcus Kruger Chris Dingman Kyle Okposo Cory Murphy Mathieu Roy
Last Minutes Defensive
Center Left Wing Right Wing Defense Defense
Marcus Kruger Chris Dingman Kyle Okposo Cory Murphy Mathieu Roy
Goaltenders
Starting : Ben Scrivens
Backup : Erik Ersberg
Extra Forwards
Normal : Matt Halischuk, Carl Hagelin, Alexander Vasyunov - PP : Matt Halischuk, Carl Hagelin - PK : Alexander Vasyunov
Extra Defensemen
Normal : Cameron Schilling, Jared Spurgeon, Mathieu Roy - PP : Cameron Schilling - PK : Jared Spurgeon, Mathieu Roy
Penalty Shots
Chris Dingman, Kyle Okposo, Hugh Jessiman, Ryan Vesce, Matt Halischuk
% Time on Ice - Wolves
Lines # - Real PCT - Wanted PCT - Time Play
Normal Forward
1 - 31% - 40% - 12:12
2 - 31% - 30% - 12:01
3 - 23% - 20% - 8:57
4 - 15% - 10% - 5:47
Normal Defense
1 - 41% - 40% - 16:05
2 - 36% - 30% - 13:51
3 - 22% - 20% - 8:26
4 - 1% - 10% - 0:35
PP Forward
1 - 62% - 60% - 4:22
2 - 38% - 40% - 2:44
PP Defense
1 - 72% - 60% - 5:08
2 - 28% - 40% - 1:58
PK Forward
1 - 72% - 60% - 9:05
2 - 28% - 40% - 3:27
PK Defense
1 - 61% - 60% - 7:38
2 - 39% - 40% - 4:54
PK3 Forward
1 - 0% - 60%
2 - 0% - 40%
PK3 Defense
1 - 0% - 60%
2 - 0% - 40%
44 Forward
1 - 71% - 60% - 1:00
2 - 29% - 40% - 0:25
44 Defense
1 - 58% - 60% - 0:49
2 - 42% - 40% - 0:36
Last Minute Offensive - 0:00
Last Minute Defensive - 0:00
Total
Forward - 60:00
Defense - 60:00
|
% Time on Ice - Little Stars
Lines # - Real PCT - Wanted PCT - Time Play
Normal Forward
1 - 32% - 40% - 12:31
2 - 28% - 30% - 10:43
3 - 24% - 20% - 9:21
4 - 16% - 10% - 6:22
Normal Defense
1 - 41% - 40% - 16:04
2 - 32% - 30% - 12:24
3 - 24% - 20% - 9:32
4 - 2% - 10% - 0:57
PP Forward
1 - 59% - 60% - 7:22
2 - 41% - 40% - 5:10
PP Defense
1 - 61% - 60% - 7:37
2 - 39% - 40% - 4:55
PK Forward
1 - 75% - 60% - 5:20
2 - 25% - 40% - 1:46
PK Defense
1 - 71% - 60% - 5:01
2 - 29% - 40% - 2:05
PK3 Forward
1 - 0% - 60%
2 - 0% - 40%
PK3 Defense
1 - 0% - 60%
2 - 0% - 40%
44 Forward
1 - 71% - 60% - 1:00
2 - 29% - 40% - 0:25
44 Defense
1 - 55% - 60% - 0:47
2 - 45% - 40% - 0:38
Last Minute Offensive - 0:00
Last Minute Defensive - 0:00
Total
Forward - 60:00
Defense - 60:00
|
Play by Play
1st period
0:01 of 1st period - Jarret Stoll wins face-off versus Marcus Kruger in neutral zone.
0:06 of 1st period - Snap shot by Jarret Stoll.
0:06 of 1st period - Stopped by Ben Scrivens with a rebound.
0:12 of 1st period - Snap shot by Marcus Kruger.
0:12 of 1st period - Shot Misses the Net.
0:14 of 1st period - Snap shot by Mathieu Roy.
0:14 of 1st period - Shot Blocked by Ryan Ellis.
0:16 of 1st period - Snap shot by Chris Dingman.
0:16 of 1st period - Shot Misses the Net.
0:26 of 1st period - Cody Bass is hit by Willie Mitchell and loses puck.
2:03 of 1st period - Wrist shot by Milan Bartovic.
2:03 of 1st period - Stopped by Ben Scrivens with a rebound.
2:05 of 1st period - Slapshot by Matt Gilroy.
2:05 of 1st period - Shot Misses the Net.
2:15 of 1st period - Mark Fayne is hit by Carl Hagelin and loses puck.
2:32 of 1st period - Mathieu Roy is hit by Geoff Paukovich and loses puck.
2:37 of 1st period - Wrist shot by Nathan Davis.
2:37 of 1st period - Shot Blocked by Clay Wilson.
2:39 of 1st period - Slapshot by Mark Fayne.
2:39 of 1st period - Stopped by Ben Scrivens with a rebound.
2:54 of 1st period - Backhand shot by Kyle Okposo.
2:54 of 1st period - Shot Misses the Net.
2:56 of 1st period - Slapshot by Mathieu Roy.
2:56 of 1st period - Shot Misses the Net.
2:58 of 1st period - Slapshot by Mathieu Roy.
2:58 of 1st period - Shot Blocked by Ryan Ellis.
3:14 of 1st period - Wrist shot by Carl Hagelin.
3:14 of 1st period - Stopped by Jamie Storr without a rebound.
3:15 of 1st period - Corey Trivino wins face-off versus Dan Fritsche in Wolves zone.
3:16 of 1st period - Snap shot by Ryan Vesce.
3:16 of 1st period - Stopped by Jamie Storr with a rebound.
3:26 of 1st period - Slapshot by Dan Fritsche.
3:26 of 1st period - Stopped by Ben Scrivens without a rebound.
3:27 of 1st period - Marcus Kruger wins face-off versus Jarret Stoll in Little Stars zone.
3:40 of 1st period - Willie Mitchell is hit by Chris Dingman and loses puck.
4:11 of 1st period - Icing by Jared Spurgeon.
4:12 of 1st period - Nathan Davis wins face-off versus Landon Ferraro in Little Stars zone.
4:26 of 1st period - Slapshot by Nathan Davis.
4:26 of 1st period - Shot Blocked by Cameron Schilling.
4:46 of 1st period - Snap shot by Kyle Okposo.
4:46 of 1st period - Goal by Kyle Okposo - Wolves : 0 - Little Stars : 1.
4:47 of 1st period - Jarret Stoll wins face-off versus Marcus Kruger in neutral zone.
6:36 of 1st period - Snap shot by Dan Fritsche.
6:36 of 1st period - Stopped by Ben Scrivens with a rebound.
6:38 of 1st period - Wrist shot by Dan Fritsche.
6:38 of 1st period - Stopped by Ben Scrivens without a rebound.
6:39 of 1st period - Matt Halischuk wins face-off versus Jarret Stoll in Little Stars zone.
6:51 of 1st period - Snap shot by Chris Neil.
6:51 of 1st period - Stopped by Ben Scrivens without a rebound.
6:52 of 1st period - Cody Bass wins face-off versus Jarret Stoll in Little Stars zone.
6:52 of 1st period - Cody Bass is hit by Chris Neil.
7:00 of 1st period - Wrist shot by Chris Neil.
7:00 of 1st period - Deflect By Cody McLeod.
7:00 of 1st period - Shot Misses the Net.
7:00 of 1st period - Puck is out of play.
7:01 of 1st period - Jarret Stoll wins face-off versus Cody Bass in Little Stars zone.
7:02 of 1st period - Snap shot by Chris Neil.
7:02 of 1st period - Stopped by Ben Scrivens with a rebound.
7:04 of 1st period - Snap shot by Jarret Stoll.
7:04 of 1st period - Shot Misses the Net.
7:11 of 1st period - Minor Penalty to Cody Bass for Roughing.
7:12 of 1st period - Chris Neil wins face-off versus Alexander Vasyunov in Little Stars zone.
7:14 of 1st period - Snap shot by Cody McLeod.
7:14 of 1st period - Stopped by Ben Scrivens with a rebound.
7:16 of 1st period - Slapshot by Willie Mitchell.
7:16 of 1st period - Shot Blocked by Mathieu Roy.
7:18 of 1st period - Wrist shot by Willie Mitchell.
7:18 of 1st period - Shot Misses the Net.
7:20 of 1st period - Slapshot by Ryan Ellis.
7:20 of 1st period - Deflect By Cody McLeod.
7:20 of 1st period - Deflect By Mathieu Roy.
7:20 of 1st period - Shot Blocked by Alexander Vasyunov.
7:20 of 1st period - Puck is out of play.
7:21 of 1st period - Alexander Vasyunov wins face-off versus Jarret Stoll in Little Stars zone.
7:34 of 1st period - Wrist shot by Chris Neil.
7:34 of 1st period - Stopped by Ben Scrivens with a rebound.
7:36 of 1st period - Slapshot by Ryan Ellis.
7:36 of 1st period - Stopped by Ben Scrivens with a rebound.
7:46 of 1st period - Snap shot by Cody McLeod.
7:46 of 1st period - Goal by Cody McLeod - Wolves : 1 - Little Stars : 1.
7:47 of 1st period - Marcus Kruger wins face-off versus Dan Fritsche in neutral zone.
7:50 of 1st period - Matt Gilroy is hit by Mathieu Roy and loses puck.
8:17 of 1st period - Backhand shot by Clay Wilson.
8:17 of 1st period - Shot Misses the Net.
8:19 of 1st period - Snap shot by Cody Bass.
8:19 of 1st period - Stopped by Jamie Storr with a rebound.
8:21 of 1st period - Snap shot by Clay Wilson.
8:21 of 1st period - Deflect By Cody Bass.
8:21 of 1st period - Stopped by Jamie Storr without a rebound.
8:22 of 1st period - Jarret Stoll wins face-off versus Cody Bass in Wolves zone.
9:36 of 1st period - Slapshot by Cory Murphy.
9:36 of 1st period - Shot Misses the Net.
9:53 of 1st period - Minor Penalty to Cody Bass for Hooking.
9:54 of 1st period - Jarret Stoll wins face-off versus Alexander Vasyunov in Little Stars zone.
10:04 of 1st period - Wrist shot by Chris Neil.
10:04 of 1st period - Shot Misses the Net.
10:20 of 1st period - Mathieu Roy is hit by Ryan Ellis and loses puck.
11:53 of 1st period - Penalty to Cody Bass is over, Cody Bass is back on ice.
12:01 of 1st period - Wrist shot by Matt Halischuk.
12:01 of 1st period - Stopped by Jamie Storr without a rebound.
12:02 of 1st period - Nathan Davis wins face-off versus Corey Trivino in Wolves zone.
12:09 of 1st period - Wrist shot by Jonas Junland.
12:09 of 1st period - Shot Misses the Net.
12:11 of 1st period - Snap shot by Tim Crowder.
12:11 of 1st period - Stopped by Ben Scrivens with a rebound.
12:13 of 1st period - Wrist shot by Geoff Paukovich.
12:13 of 1st period - Stopped by Ben Scrivens with a rebound.
12:15 of 1st period - Snap shot by Geoff Paukovich.
12:15 of 1st period - Stopped by Ben Scrivens without a rebound.
12:16 of 1st period - Kevin Veilleux wins face-off versus Marcus Kruger in Little Stars zone.
12:19 of 1st period - Wrist shot by Johan Ryno.
12:19 of 1st period - Stopped by Ben Scrivens without a rebound.
12:20 of 1st period - Kyle Okposo wins face-off versus Kevin Veilleux in Little Stars zone.
13:38 of 1st period - Ryan Vesce is hit by Milan Bartovic and loses puck.
13:52 of 1st period - Minor Penalty to Mike Sislo for Hooking.
13:53 of 1st period - Marcus Kruger wins face-off versus Jarret Stoll in Wolves zone.
13:55 of 1st period - Snap shot by Chris Dingman.
13:55 of 1st period - Shot Misses the Net.
14:09 of 1st period - Cory Murphy is hit by Jarret Stoll and loses puck.
15:52 of 1st period - Penalty to Mike Sislo is over, Mike Sislo is back on ice.
16:18 of 1st period - Minor Penalty to Landon Ferraro for Roughing.
16:19 of 1st period - Dan Fritsche wins face-off versus Cody Bass in Little Stars zone.
16:31 of 1st period - Slapshot by Dan Fritsche.
16:31 of 1st period - Stopped by Ben Scrivens without a rebound.
16:32 of 1st period - Jarret Stoll wins face-off versus Cody Bass in Little Stars zone.
16:37 of 1st period - Snap shot by Cody McLeod.
16:37 of 1st period - Shot Blocked by Clay Wilson.
16:39 of 1st period - Snap shot by Cody McLeod.
16:39 of 1st period - Stopped by Ben Scrivens without a rebound.
16:40 of 1st period - Cody Bass wins face-off versus Jarret Stoll in Little Stars zone.
17:33 of 1st period - Snap shot by Chris Neil.
17:33 of 1st period - Shot Blocked by Cody Bass.
17:35 of 1st period - Wrist shot by Cody McLeod.
17:35 of 1st period - Shot Misses the Net.
17:37 of 1st period - Snap shot by Jarret Stoll.
17:37 of 1st period - Shot Blocked by Mathieu Roy.
17:39 of 1st period - Wrist shot by Cody McLeod.
17:39 of 1st period - Stopped by Ben Scrivens with a rebound.
17:41 of 1st period - Wrist shot by Jarret Stoll.
17:41 of 1st period - Stopped by Ben Scrivens without a rebound.
17:42 of 1st period - Dan Fritsche wins face-off versus Marcus Kruger in Little Stars zone.
17:57 of 1st period - Snap shot by Milan Bartovic.
17:57 of 1st period - Deflect By Cory Murphy.
17:57 of 1st period - Shot Blocked by Ryan Vesce.
17:57 of 1st period - Puck is out of play.
17:58 of 1st period - Cody Bass wins face-off versus Dan Fritsche in Little Stars zone.
18:18 of 1st period - Penalty to Landon Ferraro is over, Landon Ferraro is back on ice.
18:23 of 1st period - Mathieu Roy is hit by Ryan Ellis and loses puck.
18:28 of 1st period - Snap shot by Nathan Davis.
18:28 of 1st period - Stopped by Ben Scrivens without a rebound.
18:29 of 1st period - Nathan Davis wins face-off versus Marcus Kruger in Little Stars zone.
18:57 of 1st period - Slapshot by Jarret Stoll.
18:57 of 1st period - Shot Blocked by Cameron Schilling.
19:23 of 1st period - Snap shot by Carl Hagelin.
19:23 of 1st period - Stopped by Jamie Storr with a rebound.
19:30 of 1st period - Off-side.
19:31 of 1st period - Tim Crowder wins face-off versus Marcus Kruger in neutral zone.
19:40 of 1st period - Wrist shot by Nathan Davis.
19:40 of 1st period - Shot Misses the Net.
19:46 of 1st period - Snap shot by Nathan Davis.
19:46 of 1st period - Stopped by Ben Scrivens without a rebound.
19:47 of 1st period - Jarret Stoll wins face-off versus Cody Bass in Little Stars zone.
19:52 of 1st period - Slapshot by Jarret Stoll.
19:52 of 1st period - Shot Misses the Net.
19:54 of 1st period - Minor Penalty to Cody Bass for High sticking.
19:55 of 1st period - Jarret Stoll wins face-off versus Alexander Vasyunov in Little Stars zone.
19:56 of 1st period - Snap shot by Cody McLeod.
19:56 of 1st period - Shot Blocked by Cory Murphy.
Goals for this period are 1 for Wolves vs 1 for Little Stars.
Shots for this period are 22 for Wolves vs 7 for Little Stars.
2nd period
0:01 of 2nd period - Alexander Vasyunov wins face-off versus Jarret Stoll in neutral zone.
0:22 of 2nd period - Ryan Ellis is hit by Cory Murphy and loses puck.
1:54 of 2nd period - Penalty to Cody Bass is over, Cody Bass is back on ice.
2:41 of 2nd period - Minor Penalty to Nathan Davis for High sticking.
2:42 of 2nd period - Jarret Stoll wins face-off versus Kyle Okposo in Wolves zone.
2:53 of 2nd period - Snap shot by Chris Dingman.
2:53 of 2nd period - Stopped by Jamie Storr with a rebound.
2:55 of 2nd period - Slapshot by Clay Wilson.
2:55 of 2nd period - Stopped by Jamie Storr without a rebound.
2:56 of 2nd period - Cody Bass wins face-off versus Jarret Stoll in Wolves zone.
2:57 of 2nd period - Wrist shot by Clay Wilson.
2:57 of 2nd period - Shot Blocked by Chris Neil.
2:59 of 2nd period - Slapshot by Cody Bass.
2:59 of 2nd period - Stopped by Jamie Storr with a rebound.
3:01 of 2nd period - Snap shot by Clay Wilson.
3:01 of 2nd period - Stopped by Jamie Storr with a rebound.
3:03 of 2nd period - Wrist shot by Cody Bass.
3:03 of 2nd period - Stopped by Jamie Storr with a rebound.
3:07 of 2nd period - Wrist shot by Cody Bass.
3:07 of 2nd period - Stopped by Jamie Storr with a rebound.
3:09 of 2nd period - Backhand shot by Clay Wilson.
3:09 of 2nd period - Deflect By Cody Bass.
3:09 of 2nd period - Shot Misses the Net.
3:09 of 2nd period - Puck is out of play.
3:10 of 2nd period - Marcus Kruger wins face-off versus Jarret Stoll in Wolves zone.
3:13 of 2nd period - Slapshot by Chris Dingman.
3:13 of 2nd period - Stopped by Jamie Storr with a rebound.
3:15 of 2nd period - Slapshot by Raphael Diaz.
3:15 of 2nd period - Stopped by Jamie Storr with a rebound.
3:23 of 2nd period - Snap shot by Clay Wilson.
3:23 of 2nd period - Stopped by Jamie Storr without a rebound.
3:24 of 2nd period - Marcus Kruger wins face-off versus Jarret Stoll in Wolves zone.
4:03 of 2nd period - Icing by Mathieu Roy.
4:04 of 2nd period - Cody Bass wins face-off versus Milan Bartovic in Little Stars zone.
4:26 of 2nd period - Wrist shot by Cody Bass.
4:26 of 2nd period - Deflect By Jonas Junland.
4:26 of 2nd period - Shot Misses the Net.
4:26 of 2nd period - Puck is out of play.
4:27 of 2nd period - Chris Dingman wins face-off versus Jarret Stoll in Wolves zone.
4:40 of 2nd period - Wrist shot by Clay Wilson.
4:40 of 2nd period - Stopped by Jamie Storr with a rebound.
4:41 of 2nd period - Penalty to Nathan Davis is over, Nathan Davis is back on ice.
4:52 of 2nd period - Chris Neil is hit by Clay Wilson and loses puck.
5:01 of 2nd period - Ryan Vesce is hit by Nathan Davis and loses puck.
5:20 of 2nd period - Matt Halischuk is hit by Mike Sislo and loses puck.
5:39 of 2nd period - Snap shot by Johan Ryno.
5:39 of 2nd period - Shot Misses the Net.
5:41 of 2nd period - Snap shot by Kevin Veilleux.
5:41 of 2nd period - Deflect By Cameron Schilling.
5:41 of 2nd period - Shot Blocked by Jared Spurgeon.
5:41 of 2nd period - Puck is out of play.
5:42 of 2nd period - Marcus Kruger wins face-off versus Kevin Veilleux in Little Stars zone.
5:42 of 2nd period - Marcus Kruger is hit by Carl Klingberg.
5:50 of 2nd period - Wrist shot by Johan Ryno.
5:50 of 2nd period - Shot Misses the Net.
6:34 of 2nd period - Snap shot by Mathieu Roy.
6:34 of 2nd period - Shot Misses the Net.
6:36 of 2nd period - Slapshot by Clay Wilson.
6:36 of 2nd period - Shot Blocked by Chris Neil.
6:38 of 2nd period - Slapshot by Mathieu Roy.
6:38 of 2nd period - Shot Misses the Net.
7:58 of 2nd period - Slapshot by Cory Murphy.
7:58 of 2nd period - Stopped by Jamie Storr without a rebound.
7:59 of 2nd period - Marcus Kruger wins face-off versus Nathan Davis in Wolves zone.
8:00 of 2nd period - Wrist shot by Chris Dingman.
8:00 of 2nd period - Shot Blocked by Jonas Junland.
8:12 of 2nd period - Snap shot by Nathan Davis.
8:12 of 2nd period - Stopped by Ben Scrivens without a rebound.
8:13 of 2nd period - Jarret Stoll wins face-off versus Marcus Kruger in Little Stars zone.
8:22 of 2nd period - Wrist shot by Jarret Stoll.
8:22 of 2nd period - Shot Misses the Net.
8:26 of 2nd period - Wrist shot by Jarret Stoll.
8:26 of 2nd period - Stopped by Ben Scrivens with a rebound.
8:28 of 2nd period - Snap shot by Chris Neil.
8:28 of 2nd period - Shot Blocked by Clay Wilson.
9:05 of 2nd period - Snap shot by Carl Hagelin.
9:05 of 2nd period - Deflect By Mark Fayne.
9:05 of 2nd period - Stopped by Jamie Storr with a rebound.
9:22 of 2nd period - Icing by Marc-André Gragnani.
9:23 of 2nd period - Jarret Stoll wins face-off versus Landon Ferraro in Wolves zone.
9:36 of 2nd period - Wrist shot by Jesse Joensuu.
9:36 of 2nd period - Shot Blocked by Mark Fayne.
9:38 of 2nd period - Slapshot by Cory Murphy.
9:38 of 2nd period - Stopped by Jamie Storr with a rebound.
9:40 of 2nd period - Slapshot by Cory Murphy.
9:40 of 2nd period - Stopped by Jamie Storr without a rebound.
9:41 of 2nd period - Dan Fritsche wins face-off versus Marcus Kruger in Wolves zone.
10:00 of 2nd period - Cory Murphy is hit by Dan Fritsche and loses puck.
10:11 of 2nd period - Snap shot by Raphael Diaz.
10:11 of 2nd period - Shot Blocked by Cody McLeod.
10:44 of 2nd period - Minor Penalty to Kevin Veilleux for Roughing.
10:45 of 2nd period - Jarret Stoll wins face-off versus Marcus Kruger in Wolves zone.
11:34 of 2nd period - Slapshot by Mathieu Roy.
11:34 of 2nd period - Shot Misses the Net.
12:44 of 2nd period - Penalty to Kevin Veilleux is over, Kevin Veilleux is back on ice.
12:52 of 2nd period - Tim Crowder is hit by Ryan Vesce and loses puck.
13:07 of 2nd period - Wrist shot by Carl Klingberg.
13:07 of 2nd period - Shot Misses the Net.
13:50 of 2nd period - Kyle Okposo is hit by Milan Bartovic and loses puck.
14:01 of 2nd period - Jared Spurgeon is hit by Cody McLeod and loses puck.
14:17 of 2nd period - Clay Wilson is hit by Geoff Paukovich.
14:22 of 2nd period - Minor Penalty to Geoff Paukovich for Slashing.
14:23 of 2nd period - Marcus Kruger wins face-off versus Jarret Stoll in Wolves zone.
14:30 of 2nd period - Wrist shot by Kyle Okposo.
14:30 of 2nd period - Shot Misses the Net.
14:32 of 2nd period - Wrist shot by Chris Dingman.
14:32 of 2nd period - Goal by Chris Dingman - Wolves : 1 - Little Stars : 2.
14:33 of 2nd period - Jarret Stoll wins face-off versus Marcus Kruger in neutral zone.
14:36 of 2nd period - Slapshot by Ryan Ellis.
14:36 of 2nd period - Deflect By Clay Wilson.
14:36 of 2nd period - Stopped by Ben Scrivens with a rebound.
14:38 of 2nd period - Wrist shot by Chris Neil.
14:38 of 2nd period - Shot Misses the Net.
14:40 of 2nd period - Snap shot by Cody McLeod.
14:40 of 2nd period - Stopped by Ben Scrivens without a rebound.
14:41 of 2nd period - Jarret Stoll wins face-off versus Marcus Kruger in Little Stars zone.
14:42 of 2nd period - Wrist shot by Cody McLeod.
14:42 of 2nd period - Stopped by Ben Scrivens with a rebound.
14:44 of 2nd period - Wrist shot by Ryan Ellis.
14:44 of 2nd period - Stopped by Ben Scrivens without a rebound.
14:45 of 2nd period - Jarret Stoll wins face-off versus Kyle Okposo in Little Stars zone.
15:07 of 2nd period - Icing by Chris Neil.
15:08 of 2nd period - Dan Fritsche wins face-off versus Cody Bass in Wolves zone.
16:10 of 2nd period - Carl Hagelin is hit by Jonas Junland and loses puck.
16:41 of 2nd period - Minor Penalty to Mike Sislo for Hooking.
16:42 of 2nd period - Marcus Kruger wins face-off versus Jarret Stoll in Wolves zone.
16:48 of 2nd period - Slapshot by Marcus Kruger.
16:48 of 2nd period - Shot Misses the Net.
16:50 of 2nd period - Snap shot by Kyle Okposo.
16:50 of 2nd period - Shot Misses the Net.
16:52 of 2nd period - Slapshot by Mathieu Roy.
16:52 of 2nd period - Stopped by Jamie Storr with a rebound.
16:54 of 2nd period - Wrist shot by Mathieu Roy.
16:54 of 2nd period - Deflect By Chris Dingman.
16:54 of 2nd period - Shot Misses the Net.
16:54 of 2nd period - Puck is out of play.
16:55 of 2nd period - Jarret Stoll wins face-off versus Marcus Kruger in Wolves zone.
16:55 of 2nd period - Jarret Stoll is hit by Mathieu Roy.
17:01 of 2nd period - Slapshot by Willie Mitchell.
17:01 of 2nd period - Shot Misses the Net.
17:13 of 2nd period - Jarret Stoll is hit by Chris Dingman and loses puck.
17:33 of 2nd period - Ryan Ellis is hit by Cody Bass and loses puck.
18:41 of 2nd period - Penalty to Mike Sislo is over, Mike Sislo is back on ice.
19:10 of 2nd period - Slapshot by Clay Wilson.
19:10 of 2nd period - Stopped by Jamie Storr with a rebound.
19:12 of 2nd period - Snap shot by Jesse Joensuu.
19:12 of 2nd period - Shot Misses the Net.
19:14 of 2nd period - Slapshot by Cameron Schilling.
19:14 of 2nd period - Shot Hit the Post.
19:36 of 2nd period - Snap shot by Landon Ferraro.
19:36 of 2nd period - Stopped by Jamie Storr without a rebound.
19:37 of 2nd period - Landon Ferraro wins face-off versus Dan Fritsche in Wolves zone.
19:40 of 2nd period - Slapshot by Mathieu Roy.
19:40 of 2nd period - Stopped by Jamie Storr with a rebound.
Goals for this period are 0 for Wolves vs 1 for Little Stars.
Shots for this period are 6 for Wolves vs 19 for Little Stars.
3rd period
0:01 of 3rd period - Jarret Stoll wins face-off versus Marcus Kruger in neutral zone.
0:35 of 3rd period - Snap shot by Matt Halischuk.
0:35 of 3rd period - Goal by Matt Halischuk - Wolves : 1 - Little Stars : 3.
0:36 of 3rd period - Jarret Stoll wins face-off versus Marcus Kruger in neutral zone.
2:10 of 3rd period - Slapshot by Milan Bartovic.
2:10 of 3rd period - Stopped by Ben Scrivens with a rebound.
2:12 of 3rd period - Snap shot by Mike Sislo.
2:12 of 3rd period - Stopped by Ben Scrivens with a rebound.
2:14 of 3rd period - Snap shot by Mike Sislo.
2:14 of 3rd period - Shot Misses the Net.
2:16 of 3rd period - Backhand shot by Dan Fritsche.
2:16 of 3rd period - Deflect By Milan Bartovic.
2:16 of 3rd period - Wolves goal is going for a video replay.
2:16 of 3rd period - The goal is good.
2:16 of 3rd period - Goal by Milan Bartovic - Wolves : 2 - Little Stars : 3.
2:17 of 3rd period - Jarret Stoll wins face-off versus Marcus Kruger in neutral zone.
2:47 of 3rd period - Snap shot by Mike Sislo.
2:47 of 3rd period - Deflect By Raphael Diaz.
2:47 of 3rd period - Stopped by Ben Scrivens without a rebound.
2:48 of 3rd period - Dan Fritsche wins face-off versus Cody Bass in Little Stars zone.
2:49 of 3rd period - Wrist shot by Milan Bartovic.
2:49 of 3rd period - Stopped by Ben Scrivens with a rebound.
2:59 of 3rd period - Backhand shot by Hugh Jessiman.
2:59 of 3rd period - Deflect By Cody Bass.
2:59 of 3rd period - Shot Misses the Net.
2:59 of 3rd period - Puck is out of play.
3:00 of 3rd period - Marcus Kruger wins face-off versus Jarret Stoll in Wolves zone.
3:09 of 3rd period - Wrist shot by Kyle Okposo.
3:09 of 3rd period - Goal by Kyle Okposo - Wolves : 2 - Little Stars : 4.
3:10 of 3rd period - Kyle Okposo wins face-off versus Jarret Stoll in neutral zone.
3:15 of 3rd period - Wrist shot by Marcus Kruger.
3:15 of 3rd period - Shot Misses the Net.
3:17 of 3rd period - Backhand shot by Marcus Kruger.
3:17 of 3rd period - Shot Misses the Net.
3:42 of 3rd period - Jonas Junland is hit by Clay Wilson and loses puck.
3:56 of 3rd period - Off-side.
3:57 of 3rd period - Corey Trivino wins face-off versus Nathan Davis in neutral zone.
4:24 of 3rd period - Marcus Kruger is hit by Willie Mitchell.
4:28 of 3rd period - Slapshot by Cory Murphy.
4:28 of 3rd period - Shot Blocked by Ryan Ellis.
4:30 of 3rd period - Snap shot by Kyle Okposo.
4:30 of 3rd period - Stopped by Jamie Storr with a rebound.
4:32 of 3rd period - Slapshot by Cameron Schilling.
4:32 of 3rd period - Deflect By Ryan Ellis.
4:32 of 3rd period - Stopped by Jamie Storr with a rebound.
5:13 of 3rd period - Snap shot by Willie Mitchell.
5:13 of 3rd period - Shot Misses the Net.
6:10 of 3rd period - Wrist shot by Tim Crowder.
6:10 of 3rd period - Goal by Tim Crowder - Wolves : 3 - Little Stars : 4.
6:11 of 3rd period - Marcus Kruger wins face-off versus Jarret Stoll in neutral zone.
6:26 of 3rd period - Snap shot by Marcus Kruger.
6:26 of 3rd period - Shot Misses the Net.
6:42 of 3rd period - Snap shot by Hugh Jessiman.
6:42 of 3rd period - Stopped by Jamie Storr without a rebound.
6:43 of 3rd period - Dan Fritsche wins face-off versus Cody Bass in Wolves zone.
6:50 of 3rd period - Wrist shot by Milan Bartovic.
6:50 of 3rd period - Shot Blocked by Raphael Diaz.
6:58 of 3rd period - Milan Bartovic is hit by Cory Murphy and loses puck.
7:09 of 3rd period - Raphael Diaz is hit by Jarret Stoll.
7:13 of 3rd period - Snap shot by Marcus Kruger.
7:13 of 3rd period - Stopped by Jamie Storr with a rebound.
7:15 of 3rd period - Snap shot by Marcus Kruger.
7:15 of 3rd period - Stopped by Jamie Storr with a rebound.
7:17 of 3rd period - Slapshot by Mathieu Roy.
7:17 of 3rd period - Stopped by Jamie Storr with a rebound.
7:35 of 3rd period - Tim Crowder is hit by Mathieu Roy and loses puck.
8:12 of 3rd period - Snap shot by Hugh Jessiman.
8:12 of 3rd period - Shot Misses the Net.
8:37 of 3rd period - Minor Penalty to Cory Murphy for High sticking.
8:38 of 3rd period - Jarret Stoll wins face-off versus Cody Bass in Little Stars zone.
9:11 of 3rd period - Minor Penalty to Mike Sislo for Holding.
9:12 of 3rd period - Jarret Stoll wins face-off versus Chris Dingman in Wolves zone.
9:25 of 3rd period - Slapshot by Chris Neil.
9:25 of 3rd period - Deflect By Jarret Stoll.
9:25 of 3rd period - Shot Blocked by Raphael Diaz.
9:25 of 3rd period - Puck is out of play.
9:26 of 3rd period - Jarret Stoll wins face-off versus Chris Dingman in Little Stars zone.
10:37 of 3rd period - Penalty to Cory Murphy is over, Cory Murphy is back on ice.
10:42 of 3rd period - Slapshot by Willie Mitchell.
10:42 of 3rd period - Shot Misses the Net.
11:02 of 3rd period - Slapshot by Clay Wilson.
11:02 of 3rd period - Deflect By Kyle Okposo.
11:02 of 3rd period - Stopped by Jamie Storr with a rebound.
11:04 of 3rd period - Wrist shot by Matt Halischuk.
11:04 of 3rd period - Goal by Matt Halischuk - Wolves : 3 - Little Stars : 5.
11:05 of 3rd period - Cody Bass wins face-off versus Dan Fritsche in neutral zone.
12:01 of 3rd period - Tim Crowder is hit by Landon Ferraro and loses puck.
12:08 of 3rd period - Jesse Joensuu is hit by Tim Crowder.
12:24 of 3rd period - Slapshot by Clay Wilson.
12:24 of 3rd period - Stopped by Jamie Storr with a rebound.
12:26 of 3rd period - Snap shot by Marcus Kruger.
12:26 of 3rd period - Shot Blocked by Willie Mitchell.
12:38 of 3rd period - Wrist shot by Cody Bass.
12:38 of 3rd period - Shot Misses the Net.
12:40 of 3rd period - Wrist shot by Cody Bass.
12:40 of 3rd period - Goal by Cody Bass - Wolves : 3 - Little Stars : 6.
12:41 of 3rd period - Kyle Okposo wins face-off versus Jarret Stoll in neutral zone.
12:57 of 3rd period - Wrist shot by Jarret Stoll.
12:57 of 3rd period - Stopped by Ben Scrivens with a rebound.
13:59 of 3rd period - Slapshot by Johan Ryno.
13:59 of 3rd period - Stopped by Ben Scrivens with a rebound.
14:21 of 3rd period - Wrist shot by Chris Dingman.
14:21 of 3rd period - Stopped by Jamie Storr without a rebound.
14:22 of 3rd period - Dan Fritsche wins face-off versus Marcus Kruger in Wolves zone.
14:43 of 3rd period - Minor Penalty to Mike Sislo for Holding.
14:44 of 3rd period - Marcus Kruger wins face-off versus Jarret Stoll in Wolves zone.
15:20 of 3rd period - Snap shot by Milan Bartovic.
15:20 of 3rd period - Stopped by Ben Scrivens without a rebound.
15:21 of 3rd period - Marcus Kruger wins face-off versus Jarret Stoll in Little Stars zone.
15:25 of 3rd period - Icing by Clay Wilson.
15:26 of 3rd period - Marcus Kruger wins face-off versus Jarret Stoll in Little Stars zone.
15:31 of 3rd period - Slapshot by Clay Wilson.
15:31 of 3rd period - Shot Blocked by Jonas Junland.
15:35 of 3rd period - Snap shot by Marcus Kruger.
15:35 of 3rd period - Deflect By Chris Dingman.
15:35 of 3rd period - Shot Misses the Net.
15:35 of 3rd period - Puck is out of play.
15:36 of 3rd period - Kyle Okposo wins face-off versus Chris Neil in Wolves zone.
15:58 of 3rd period - Chris Neil is hit by Mathieu Roy and loses puck.
16:10 of 3rd period - Icing by Cody Bass.
16:11 of 3rd period - Cody Bass wins face-off versus Milan Bartovic in Little Stars zone.
16:22 of 3rd period - Slapshot by Hugh Jessiman.
16:22 of 3rd period - Stopped by Jamie Storr with a rebound.
16:24 of 3rd period - Wrist shot by Cody Bass.
16:24 of 3rd period - Stopped by Jamie Storr with a rebound.
16:26 of 3rd period - Wrist shot by Hugh Jessiman.
16:26 of 3rd period - Shot Blocked by Milan Bartovic.
16:36 of 3rd period - Marcus Kruger is hit by Jarret Stoll and loses puck.
16:43 of 3rd period - Penalty to Mike Sislo is over, Mike Sislo is back on ice.
16:45 of 3rd period - Chris Neil is hit by Kyle Okposo and loses puck.
17:21 of 3rd period - Cameron Schilling is hit by Carl Klingberg and loses puck.
17:44 of 3rd period - Snap shot by Alexander Vasyunov.
17:44 of 3rd period - Stopped by Jamie Storr without a rebound.
17:45 of 3rd period - Dan Fritsche wins face-off versus Landon Ferraro in Wolves zone.
17:45 of 3rd period - Dan Fritsche is hit by Clay Wilson.
17:48 of 3rd period - Minor Penalty to Mark Fayne for Tripping.
17:49 of 3rd period - Jarret Stoll wins face-off versus Marcus Kruger in Wolves zone.
18:02 of 3rd period - Slapshot by Mathieu Roy.
18:02 of 3rd period - Shot Blocked by Willie Mitchell.
18:16 of 3rd period - Cody Bass is hit by Ryan Ellis and loses puck.
18:47 of 3rd period - Marc-André Gragnani is hit by Cody Bass and loses puck.
19:38 of 3rd period - Icing by Clay Wilson.
19:39 of 3rd period - Tim Crowder wins face-off versus Kyle Okposo in Little Stars zone.
19:48 of 3rd period - Penalty to Mark Fayne is over, Mark Fayne is back on ice.
Goals for this period are 2 for Wolves vs 4 for Little Stars.
Shots for this period are 9 for Wolves vs 16 for Little Stars.
Output by the SimonT Hockey Simulator (STHS) for François Prévost -- Original Page W3C XHTML 1.0 Valid